 Dungeon Crawl Stone Soup version 0.22-a0-247-gbddf880 (webtiles) character file.

289 mhoghedin the Chiller (level 6, 0/45 HPs)
             Began as a Draconian Ice Elementalist on Feb 28, 2018.
             Was a Follower of Sif Muna.
             Slain by Autsider's ghost (6 damage)
             ... on level 4 of the Dungeon.
             The game lasted 00:10:07 (3370 turns).

mhoghedin the Chiller (Draconian Ice Elementalist)  Turns: 3370, Time: 00:10:08

Health: 0/45       AC:  6    Str: 16    XL:     6   Next: 9%
Magic:  1/10       EV: 11    Int: 17    God:    Sif Muna [*.....]
Gold:   104        SH:  0    Dex: 11    Spells: 0/10 levels left

rFire    + . .     SeeInvis .   b - +0 dagger
rCold    + . .     Gourm    .   (no shield)
rNeg     . . .     Faith    .   (armour unavailable)
rPois    +         Spirit   .   (helmet restricted)
rElec    +         Reflect  .   (no cloak)
rCorr    +         Harm     .   (no gloves)
MR       .....     Rnd*Tele +   (no boots)
Stlth    +.........             (no amulet)
HPRegen  0.15/turn              h - ring of teleportation (curse) {+/*tele, !d}
MPRegen  0.12/turn              (no ring)

@: mighty, resistant, very slightly contaminated, heavily drained, divine energy
A: unfitting armour, cold-blooded, AC +6
a: Stop Divine Energy, Renounce Religion


You were on level 4 of the Dungeon.
You worshipped Sif Muna.
Sif Muna was aware of your devotion.
You were not hungry.

You visited 1 branch of the dungeon, and saw 4 of its levels.

You collected 104 gold pieces.

Inventory:

Hand Weapons
 b - a +0 dagger (weapon)
   (You took it off a goblin on level 2 of the Dungeon)
 c - a +0 dagger
   (You took it off a goblin on level 1 of the Dungeon)
 f - a +0 arbalest
   (You found it on level 2 of the Dungeon)
Jewellery
 h - a cursed ring of teleportation (left hand) {+/*tele, !d}
   (You found it on level 2 of the Dungeon)
Potions
 k - a potion of curing {unknown}
Comestibles
 a - 7 rations


   Skills:
 - Level 0.2(0.0) Fighting
 - Level 1.7(0.1) Dodging
 - Level 1.7(0.1) Stealth
 + Level 2.8(1.1) Spellcasting
 + Level 3.3(1.6) Conjurations
 + Level 1.7(0.0) Charms
 + Level 5.0(3.2) Ice Magic


You couldn't memorise any spells.
You knew the following spells:

 Your Spells              Type           Power        Failure   Level  Hunger
a - Freeze                Ice            ##..         5%          1    ##.....
b - Throw Icicle          Conj/Ice       #.......     61%         4    #####..
x - Throw Frost           Conj/Ice       #.....       12%         2    ###....
A - Ozocubu's Armour      Chrm/Ice       #.......     32%         3    ####...


Dungeon Overview and Level Annotations

Branches:
Dungeon (4/15)
 Temple: D:4-7

Altars:
Sif Muna

Portals:
Sewer: D:4

Annotations:
D:3 Grinder
D:4 Autsider's ghost, amateur DDNe


Innate Abilities, Weirdness & Mutations

Your plain brown scales are hard. (AC +6)
You cannot fit into any form of body armour.
You are cold-blooded and may be slowed by cold attacks.


Message History

You swing at nothing.
You swing at nothing.
You swing at nothing.
You swing at nothing.
You swing at nothing.
You feel less wooden.
You now have 18/45 hp.
You swing at nothing.
Your icy armour evaporates.
You aren't carrying any scrolls.
Unknown command.
You eat one of the 8 rations.
That ration really hit the spot!
This spell is quite dangerous to cast!
Memorise Throw Icicle, consuming 4 spell levels and leaving 0?
You start memorising the spell.
You continue memorising. x4
You finish memorising.
Spell assigned to 'b'.
You start resting.
You hear the slow rusting of a drain nearby.
You regained 4 hp, and now have 25/45 hp.
MP restored: 10 You start resting.
You hear the slow rusting of a drain nearby.
You regained 8 hp, and now have 33/45 hp.
You start resting.
You hear the slow rusting of a drain nearby.
You regained 7 hp, and now have 40/45 hp.
You start resting.
Health restored: 45 Unknown command.
Okay, then.
Okay, then.
Unknown command.
The floor.
Unknown command.
Autsider's ghost casts a spell at you. Pain shoots through your body!
You take 9 damage, and have 36/45 hp.
It was a potion of resistance.
You feel protected.
Okay, then.
Unknown command.
Aim: Autsider's ghost, wielding a weapon of draining You miscast Throw Icicle.
You are very lightly contaminated with residual magic.
Your skin glows momentarily.
You now have 6/10 mp.
Aim: Autsider's ghost, wielding a weapon of draining The puff of frost hits Autsider's ghost.
You now have 4/10 mp.
Aim: Autsider's ghost, wielding a weapon of draining (lightly damaged)
You freeze Autsider's ghost.
Autsider's ghost hits you but does no damage.
You feel drained.
You now have 3/10 mp.
Aim: Autsider's ghost, wielding a weapon of draining (moderately damaged)
You freeze Autsider's ghost.
Autsider's ghost hits you but does no damage.
You feel drained.
You now have 2/10 mp.
Aim: Autsider's ghost, wielding a weapon of draining (moderately damaged)
You freeze Autsider's ghost. Autsider's ghost misses you.
You now have 1/10 mp.
Aim: Autsider's ghost, wielding a weapon of draining (moderately damaged)
You freeze Autsider's ghost.
Autsider's ghost hits you but does no damage.
You feel drained.
You now have 0/10 mp.
Okay, then.
Unknown command.
Aim: Autsider's ghost, wielding a weapon of draining (heavily damaged)
You freeze Autsider's ghost. Sif Muna grants you divine energy.
You briefly lose access to your magic!
Autsider's ghost hits you.
You feel drained.
You take 3 damage, and have 34/45 hp.
Unknown command.
Okay, then.
Unknown command.
It was a potion of might.
You feel very mighty all of a sudden. Autsider's ghost hits you.
You feel drained.
You take 5 damage, and have 29/45 hp.
You hit Autsider's ghost.
You regain access to your magic.
Autsider's ghost hits you but does no damage.
You feel drained.
You barely miss Autsider's ghost.
Your tail-slap misses Autsider's ghost.
Autsider's ghost is infused with unholy energy.
Autsider's ghost draws life force from you and is healed!
You take 16 damage, and have 14/45 hp.
MASSIVE DAMAGE!!
You hit Autsider's ghost but do no damage.
Autsider's ghost hits you.
* * * LOW HITPOINT WARNING * * *
You feel drained.
* * * LOW HITPOINT WARNING * * *
You take 8 damage, and have 6/45 hp.
You puncture Autsider's ghost! Autsider's ghost hits you.
You die...

8...8#.#
####.###.##
########.........#
..............#..#
.........).......+
######...........#
≈≈≈SS#..<........#
≈≈∩≈S#........W..#
≈≈≈≈W#........#@##
######........#..#
........####.#####
##......# #.#
######## ... ... .


You could see Autsider's ghost.

Vanquished Creatures
  An ogre (D:4)
  An orc wizard (D:2)
  A bullfrog skeleton (D:2)
  An orc priest (D:3)
  Robin (D:3)
  2 adders
  A worm (D:2)
  2 dart slugs
  2 leopard geckos
  9 orcs
  2 giant cockroaches
  16 goblins
  7 hobgoblins
  5 quokkas (D:2)
  4 bats
  A frilled lizard (D:1)
  6 kobolds
  4 rats
66 creatures vanquished.

Notes
Turn   | Place    | Note
-------+----------+-------------------------------------------
     0 | D:1      | mhoghedin the Draconian Ice Elementalist began the quest for the Orb.
     0 | D:1      | Reached XP level 1. HP: 14/14 MP: 3/3
   362 | D:1      | Reached XP level 2. HP: 16/20 MP: 0/5
   890 | D:2      | Learned a level 2 spell: Throw Frost
   996 | D:2      | Reached XP level 3. HP: 26/26 MP: 2/6
  1042 | D:2      | Reached skill level 4 in Ice Magic
  1309 | D:2      | Reached skill level 2 in Conjurations
  1337 | D:2      | Reached XP level 4. HP: 19/33 MP: 2/7
  1928 | D:2      | Found a deep blue altar of Sif Muna.
  1931 | D:2      | Became a worshipper of Sif Muna the Loreminder
  2033 | D:3      | Learned a level 3 spell: Ozocubu's Armour
  2263 | D:2      | HP: 7/33 [orc wizard/magic dart (2)]
  2490 | D:3      | Reached XP level 5. HP: 36/38 MP: 1/8
  2492 | D:3      | Noticed Grinder
  2493 | D:3      | Noticed Robin
  2717 | D:3      | Reached skill level 1 in Charms
  2766 | D:3      | Reached * piety under Sif Muna
  2854 | D:3      | Killed Robin
  2854 | D:3      | Reached skill level 3 in Conjurations
  3123 | D:4      | Found a glowing drain.
  3123 | D:4      | Noticed an ogre
  3127 | D:4      | Noticed Autsider's ghost (amateur DDNe)
  3140 | D:4      | Killed an ogre
  3140 | D:4      | Reached skill level 5 in Ice Magic
  3140 | D:4      | Reached XP level 6. HP: 19/45 MP: 0/10
  3195 | D:4      | Learned a level 4 spell: Throw Icicle
  3369 | D:4      | HP: 8/45 [Autsider's ghost (6)]
  3370 | D:4      | Slain by Autsider's ghost

Vault maps used:
D:1:      lightli_arrival_statuegarden, nrook_uturn
D:2:      lemuel_blue_sif_altar
D:3:      first_ration, uniq_grinder, uniq_robin
D:4:      elyvilon_altar_3, gup_sewer_entry_glass, kennysheep_diamond,
          minmay_misc_feat_hallway, kennysheep_generic_room_2

Skill      XL: |  1  2  3  4  5 |
---------------+----------------+-----
Ice Magic      | 4 5 |  5.0
Conjurations   | 2 3 |  3.3
Charms         | 1 |  1.7
Fighting       | |  0.2
Dodging        | |  1.7
Stealth        | |  1.7
Spellcasting   | |  2.8

Action                   |  1- 3 |  4- 6 || total
-------------------------+-------+-------++-------
Melee: Dagger            |    35 |    99 ||   134
       Unarmed           |     3 |       ||     3
       Tailslap          |     6 |    10 ||    16
 Cast: Freeze            |    20 |    56 ||    76
       Throw Frost       |     8 |    16 ||    24
       Ozocubu's Armour  |       |     5 ||     5
Invok: Divine Energy     |       |     1 ||     1
  Use: Scroll            |       |     6 ||     6
       Potion            |       |     3 ||     3
 Stab: Sleeping          |       |     1 ||     1
  Eat: Chunk             |     2 |     4 ||     6
       Ration            |       |     2 ||     2
Armor: Skin              |    11 |    66 ||    77
Dodge: Dodged            |    30 |    95 ||   125

Table legend:
 A = Spawn XP
 B = Non-spawn XP
 C = Spawn XP percentage of total XP
 D = Spawn monster count
 E = Non-spawn monster count
 F = Spawn count percentage of total count
 G = Total turns spent on level
                    A         B        C        D         E        F      G
               +---------+---------+-------+---------+---------+-------+---------
         Total |       0 |     414 |   0.0 |       0 |      66 |   0.0 |  3370
               +---------+---------+-------+---------+---------+-------+---------
           D:1 |       0 |      18 |   0.0 |       0 |      10 |   0.0 |   867
           D:2 |       0 |     146 |   0.0 |       0 |      25 |   0.0 |  1708
           D:3 |       0 |     128 |   0.0 |       0 |      30 |   0.0 |   548
           D:4 |       0 |     122 |   0.0 |       0 |       1 |   0.0 |   247
               +---------+---------+-------+---------+---------+-------+---------

Vault maps used:
D:1:      lightli_arrival_statuegarden, nrook_uturn
D:2:      lemuel_blue_sif_altar
D:3:      first_ration, uniq_grinder, uniq_robin
D:4:      elyvilon_altar_3, gup_sewer_entry_glass, kennysheep_diamond,
          minmay_misc_feat_hallway, kennysheep_generic_room_2

Table legend:
 A = Turns spent in this place as a percentage of turns spent in the entire game.
 B = Non-inter-level travel turns spent in this place as a percentage of non-inter-level travel turns spent in the entire game.
 C = Inter-level travel turns spent in this place as a percentage of turns spent in this place.
 D = Turns resting spent in this place as a percentage of non-inter-level travel turns spent in this place.
 E = Turns spent auto-exploring this place as a percentage of non-inter-level travel turns spent in this place.
 F = Non-inter-level travel turns spent in this place divided by the number of levels of this place that you've seen.
                   A       B       C       D       E      F
               +-------+-------+-------+-------+-------+----------------------
         Total | 100.0 | 100.0 |   3.9 |  41.4 |  37.4 | 810.0
       Dungeon | 100.0 | 100.0 |   3.9 |  41.4 |  37.4 | 810.0
               +-------+-------+-------+-------+-------+----------------------

Table legend:
 A = Kills in this place as a percentage of kills in entire the game.
 B = Kills by you in this place as a percentage of kills by you in the entire game.
 C = Kills by friends in this place as a percentage of kills by friends in the entire game.
 D = Other kills in this place as a percentage of other kills in the entire game.
 E = Experience gained in this place as a percentage of experience gained in the entire game.
 F = Experience gained in this place divided by the number of levels of this place that you have seen.
                   A       B       C       D       E      F
               +-------+-------+-------+-------+-------+----------------------
         Total | 100.0 | 100.0 |   N/A |   N/A | 100.0 | 103.5
       Dungeon | 100.0 | 100.0 |   N/A |   N/A | 100.0 | 103.5
               +-------+-------+-------+-------+-------+----------------------
